 Dungeon Crawl Stone Soup version 0.28.0-1-gb440e238dd (webtiles) character file.

Game seed: 8135221788668596175

43248 yaddayadda the Covert (level 13, -10/89 HPs)
             Began as a Demonspawn Hedge Wizard on Feb 22, 2022.
             Was an Elder of Qazlal.
             Killed from afar by an ogre mage (24 damage)
             ... with a bolt of magma
             ... while paralysed by an ogre mage
             ... on level 2 of the Orcish Mines on Feb 24, 2022.
             The game lasted 01:54:05 (17964 turns).

yaddayadda the Covert (Demonspawn Hedge Wizard)    Turns: 17964, Time: 01:54:06

Health: -10/89     AC: 12    Str: 11    XL:     13   Next: 89%
Magic:  22/34      EV:  2    Int: 21    God:    Qazlal [****..]
Gold:   677        SH:  0    Dex: 15    Spells: 9/29 levels left

rFire   . . .      SeeInvis .   m - +8 rapier of Viamod {vorpal, rElec}
rCold   + . .      Faith    .   (no shield)
rNeg    . . .      Spirit   .   u - +0 troll leather armour
rPois   .          Reflect  .   M - +1 hat
rElec   +          Harm     .   d - +0 cloak
rCorr   .          Rampage  .   (gloves unavailable)
Will    .....                   I - +2 pair of boots of Ijung {rC+ Dex+3}
Stlth   ++........              N - amulet of the acrobat
HPRegen 1.04/turn               j - ring of magical power
MPRegen 0.24/turn               n - +4 ring of evasion

@: paralysed, mighty, repel missiles
A: claws 3, yellow scales 2, foul stench 1, demonic magic 2, frail 1, screaming
1
a: Renounce Religion, Upheaval, Elemental Force


You were on level 2 of the Orcish Mines.
You worshipped Qazlal.
Qazlal was greatly pleased with you.
You visited 3 branches of the dungeon, and saw 16 of its levels.

You collected 1113 gold pieces.
You spent 436 gold pieces at shops.

Inventory:

Hand Weapons
 a - a +2 halberd of flaming
 g - a +2 mace of protection
 m - the +8 rapier of Viamod (weapon) {vorpal, rElec}
   (You found it on level 6 of the Dungeon)

   It inflicts extra damage upon your enemies.
   rElec:     It insulates you from electricity.
 p - a +3 flail of draining
 q - a +2 dagger of electrocution
 v - a +1 vorpal scythe
 w - a +2 dagger of venom
 y - a +2 quarterstaff of chaos
Missiles
 h - 4 throwing nets
 r - 9 curare-tipped darts
Armour
 b - +0 acid dragon scales
 c - an orb of guile
 d - a +0 cloak (worn)
 o - the +1 robe of the Lobster {Dex+3}
   (You took it off a goblin on level 3 of the Dungeon)

   Dex:       It affects your dexterity (+3).
 u - a +0 troll leather armour (worn)
 H - a +0 pair of gloves
 I - the +2 pair of boots of Ijung (worn) {rC+ Dex+3}
   (You acquired it on level 9 of the Dungeon)

   Dex:       It affects your dexterity (+3).
   rC:        It protects you from cold.
 M - a +1 hat (worn)
Jewellery
 j - a ring of magical power (left claw)
 n - a +4 ring of evasion (right claw)
 L - a +4 ring of protection
 N - an amulet of the acrobat (around neck)
Wands
 l - a wand of flame (55)
 t - a wand of charming (8)
 x - a wand of iceblast (8)
 F - a wand of mindburst (13)
 G - a wand of acid (5)
Scrolls
 e - 10 scrolls of identify
 f - 4 scrolls of enchant weapon
 k - 5 scrolls of teleportation
 B - 2 scrolls of magic mapping
 D - 2 scrolls of fog
Potions
 i - 3 potions of mutation
 s - 2 potions of flight
 z - 3 potions of attraction
 O - a potion of haste


   Skills:
 + Level 8.4 Fighting
 + Level 6.9 Short Blades
 - Level 3.0 Maces & Flails
 + Level 8.3 Dodging
 + Level 9.1 Stealth
 + Level 8.7 Spellcasting
 + Level 9.1 Conjurations
 + Level 8.9 Summonings
 + Level 8.2 Translocations


You had 9 spell levels left.
You knew the following spells:

 Your Spells              Type           Power      Damage    Failure   Level
a - Magic Dart            Conj           100%       1d8       1%          1
b - Call Imp              Summ           46%        N/A       1%          2
c - Blink                 Tloc           86%        N/A       1%          2
d - Searing Ray           Conj           94%        2d7       1%          2
e - Summon Guardian Gole  Hex/Summ       27%        N/A       4%          3
f - Mephitic Cloud        Conj/Pois/Air  21%        N/A       9%          3
g - Ozocubu's Armour      Ice            9%         N/A       28%         3
h - Summon Lightning Spi  Summ/Air       27%        N/A       16%         4

Your spell library contained the following spells:

 Spells                   Type           Power      Damage    Failure   Level
 Summon Small Mammal      Summ           100%       N/A       1%          1
 Conjure Flame            Conj/Fire      28%        6-21      4%          3
 Dazzling Flash           Conj/Hex       56%        N/A       4%          3
 Slow                     Hex            36%        N/A       10%         1
 Ensorcelled Hibernation  Hex/Ice        18%        N/A       14%         2
 Fulminant Prism          Conj/Hex       14%        3d9       16%         4
 Hailstorm                Conj/Ice       28%        3d8       16%         4
 Lightning Bolt           Conj/Air       14%        1d27      38%         5
 Airstrike                Air            4%         N/A       67%         4
 Ice Form                 Ice/Tmut       9%         N/A       67%         4
 Leda's Liquefaction      Hex/Erth       4%         N/A       67%         4
 Malign Gateway           Summ/Tloc      22%        N/A       94%         7
 Agony                    Necr           9%         N/A       95%         5
 Metabolic Englaciation   Hex/Ice        4%         N/A       95%         5
 Silence                  Hex/Air        4%         N/A       95%         5
 Simulacrum               Ice/Necr       4%         N/A       100%        6
 Summon Horrible Things   Summ           23%        N/A       100%        8
 Dragon's Call            Summ           23%        N/A       100%        9


Dungeon Overview and Level Annotations

Branches:
Dungeon (13/15)            Temple (1/1) D:5            Lair (0/6) D:9
    Orc (2/2) D:12         Vaults (0/5) D:13
    Elf: Orc:2

Altars:
Ashenzari
Cheibriados
Dithmenos
Elyvilon
Fedhas
Gozag
Hepliaklqana
Kikubaaqudgha
Makhleb
Nemelex Xobeh
Okawaru
Qazlal
Ru
Sif Muna
Trog
Uskayaw
Vehumet
Wu Jian
Xom
Yredelemnul
Zin
The Shining One

Shops:
D:1 !   D:10 *??   Orc:2 *?(=


Innate Abilities, Weirdness & Mutations

You have claws for hands.
You are mostly covered in yellow scales. (AC +3)
You may rarely emit foul miasma when damaged in melee.
Spells you cast may paralyse nearby enemies.
You are frail. (-10% HP)
You occasionally shout uncontrollably at your foes.


Message History

The two-headed ogre appears confused.
The two-headed ogre enters a dispersal trap!
The ogre mage blinks!
You blink.
The two-headed ogre blinks!
Casting: Mephitic Cloud (dangerous; 9% risk of failure)
Confirm with . or Enter, or press ? or * to list all spells.
An electric hum fills the air.
Malevolent energies surge around you.
The two-headed ogre suddenly stops moving!
The ogre mage enters a dispersal trap!
The two-headed ogre blinks!
You blink.
The ogre mage points at you and mumbles some strange words.
You suddenly lose the ability to move!
Your lightning spire shoots out a bolt of lightning at the ogre mage!
The bolt of electricity hits the ogre mage!
The two-headed ogre seems less confused.
The ogre mage mumbles some strange words.
The ogre mage flickers and vanishes!
Something hits your lightning spire!
A bolt of magma appears from out of thin air!
The bolt of magma hits your lightning spire!
Your lightning spire partially resists.
Your lightning spire is destroyed!
Your lightning spire disappears in a puff of smoke!
You can move again.
You hear some strange, mumbled words.
The two-headed ogre seems to speed up.
You suddenly lose the ability to move!
The two-headed ogre hits you with a +0 giant club!
The two-headed ogre hits you with a +0 giant club.
You emit a cloud of foul miasma!
The two-headed ogre is engulfed in dark miasma.
The two-headed ogre is poisoned.
The two-headed ogre seems to slow down.
The two-headed ogre hits you with a +0 giant club!!
* * * LOW HITPOINT WARNING * * *
The two-headed ogre hits you with a +0 giant club!
* * * LOW HITPOINT WARNING * * *
The two-headed ogre is engulfed in dark miasma.
The two-headed ogre looks even sicker.
You hear some strange, mumbled words.
A bolt of magma appears from out of thin air!
The bolt of magma hits you!!
You die...

##...#
#..#...............#......
#...##
#....)............##......
##.##
##....##...........#......
###
.......##....)....##.......
#......####.....#####.###..
##......####......###......
##......#......)...#......
........§.).).)........##
####...§.@O.............#
#.$...○.○.##........##
#$...°○°§.##........#
##....{#..###........#
#..........###..O.......
#...........##...#.......
......#........O.#......^
...#..##.........#####...
..#### #........## ..


You could see a two-headed ogre (fast, very poisoned, slow).

Vanquished Creatures
  An ettin (Orc:2)
  2 ogre magi
  Harold (D:7)
  3 vault guards (D:13)
  2 centaur warriors
  7 two-headed ogres
  2 deep trolls (Orc:2)
  An orc knight (D:13)
  A deep elf pyromancer (D:12)
  2 deep elf archers (D:13)
  6 cyclopes
  2 orc sorcerers
  An ugly thing (D:13)
  2 gargoyles
  Maggie (D:7)
  3 kobold demonologists
  7 trolls
  A queen bee (shapeshifter) (D:13)
  A slime creature (D:12)
  Sigmund (D:6)
  3 wraiths
  A shadow (D:11)
  6 yaks
  A wyvern (D:9)
  Eustachio (D:6)
  6 vampire mosquitoes
  A steam dragon (D:9)
  Edmund (D:5)
  Menkaure (D:7)
  An acid dragon (D:9)
  A water moccasin (D:7)
  2 nameless horrors (Orc:2)
  2 black bears (D:7)
  5 orc warriors
  A necrophage (D:6)
  2 ice beasts
  20 ogres
  5 centaurs
  5 kobold brigands
  A phantom (D:6)
  A bullfrog (D:9)
  Blork the orc (D:4)
  2 scorpions
  Dowan (D:6)
  A killer bee (D:10)
  2 howler monkeys
  3 electric eels (D:10)
  4 centaur zombies
  3 orc priests
  Crazy Yiuf (D:6)
  A bullfrog skeleton (D:6)
  2 centaur skeletons
  2 gnoll shamans
  2 iguanas
  7 orc wizards
  An ogre zombie (Orc:1)
  A hound zombie (D:5)
  A hound skeleton (D:4)
  13 gnolls
  7 adders
  2 howler monkey skeletons
  A shadow imp (D:6)
  A white imp (D:6)
  2 adder skeletons (D:4)
  A worm (D:4)
  13 orcs
  9 bats
  5 endoplasms
  4 giant cockroaches (D:3)
  9 goblins
  3 hobgoblins
  18 kobolds
  3 quokkas (D:4)
  7 ball pythons
  3 frilled lizards
  2 rats
252 creatures vanquished.

Vanquished Creatures (collateral kills)
  A two-headed ogre (D:5)
  2 skeletal warriors (D:13)
  A cyclops (Orc:2)
  3 slime creatures (D:12)
  2 trolls (Orc:2)
  Prince Ribbit (D:5)
  Duvessa (D:6)
  2 ogres (Orc:2)
  A centaur (D:13)
  2 gnoll sergeants
  2 scorpions
  A water moccasin skeleton (D:5)
  2 hounds
  A bullfrog zombie (D:5)
  4 jellies
  An orc priest (Orc:2)
  2 orc wizards (D:10)
  5 adders
  2 worms (D:3)
  A ball python (D:3)
  A bat (D:3)
  An endoplasm (D:3)
  A giant cockroach (D:3)
  A goblin (D:3)
  A hobgoblin (D:1)
  A quokka (D:3)
  2 kobolds
45 creatures vanquished.

Vanquished Creatures (others)
  A vault guard (D:13)
  2 hydras (D:12)
  An ogre mage (D:13)
  6 two-headed ogres
  A skeletal warrior (D:13)
  A deep elf pyromancer (D:12)
  A manticore (D:10)
  2 cyclopes
  2 gargoyles (D:10)
  2 trolls
  A shadow (D:10)
  A wyvern (D:10)
  8 yaks
  2 orc warriors
  5 ogres
  A kobold brigand (D:12)
  An orc wizard (D:9)
  A howler monkey zombie (D:10)
  A gnoll (D:7)
  2 orcs
  6 fungi (D:9)
  38 plants
86 creatures vanquished.

Grand Total: 383 creatures vanquished

Notes
Turn   | Place    | Note
-------+----------+-------------------------------------------
     0 | D:1      | yaddayadda the Demonspawn Hedge Wizard began the quest for
                  | the Orb.
     0 | D:1      | Reached XP level 1. HP: 13/13 MP: 4/4
   168 | D:1      | Reached skill level 1 in Translocations
   340 | D:1      | Found Qumi's Distillery.
   577 | D:1      | Got Fuasian's Incunabulum of Freezing Malediction
   593 | D:1      | Gained mutation: You are partially covered in yellow
                  | scales. (AC +2) [demonic ancestry]
   593 | D:1      | Reached XP level 2. HP: 17/19 MP: 1/6
   596 | D:1      | Learned a level 2 spell: Call Imp
   646 | D:1      | Learned a level 2 spell: Blink
  1203 | D:2      | Gained mutation: You are mostly covered in yellow scales.
                  | (AC +3) [demonic ancestry]
  1203 | D:2      | Reached XP level 3. HP: 24/24 MP: 7/7
  1912 | D:2      | Gained mutation: You have sharp fingernails. [demonic
                  | ancestry]
  1912 | D:2      | Reached XP level 4. HP: 29/30 MP: 9/9
  2134 | D:2      | Gained mutation: You sometimes lose the ability to read
                  | scrolls when taking damage. [potion of mutation]
  2134 | D:2      | Gained mutation: You are frail. (-10% HP) [potion of
                  | mutation]
  2135 | D:2      | Lost mutation: You sometimes lose the ability to read
                  | scrolls when taking damage. [potion of mutation]
  2135 | D:2      | Lost mutation: You are frail. (-10% HP) [potion of
                  | mutation]
  2135 | D:2      | Gained mutation: You are dopey. (Int -2) [potion of
                  | mutation]
  2135 | D:2      | Gained mutation: A frigid envelope surrounds you and
                  | freezes all who hurt you. [potion of mutation]
  2136 | D:2      | Lost mutation: A frigid envelope surrounds you and freezes
                  | all who hurt you. [potion of mutation]
  2136 | D:2      | Lost mutation: You are dopey. (Int -2) [potion of mutation]
  2136 | D:2      | Gained mutation: You are frail. (-10% HP) [potion of
                  | mutation]
  2136 | D:2      | Gained mutation: You occasionally shout uncontrollably at
                  | your foes. [potion of mutation]
  2384 | D:3      | Found a hide-covered altar of Uskayaw.
  2424 | D:3      | Found a faded altar of an unknown god.
  2424 | D:3      | Noticed a scorpion
  2429 | D:3      | Killed a scorpion
  2430 | D:3      | Reached XP level 5. HP: 31/31 MP: 10/10
  2875 | D:3      | Identified the +1 robe of the Lobster {Dex+3}
  2959 | D:3      | Found a broken altar of Ashenzari.
  3849 | D:4      | Reached XP level 6. HP: 16/36 MP: 11/11
  4296 | D:4      | Noticed Blork the orc
  4349 | D:4      | Killed Blork the orc
  4940 | D:5      | Entered Level 5 of the Dungeon
  5216 | D:5      | Noticed Prince Ribbit
  5270 | D:5      | Noticed an ice beast
  5280 | D:5      | Killed an ice beast
  5281 | D:5      | Reached XP level 7. HP: 42/42 MP: 13/13
  5320 | D:5      | Found a shimmering altar of Xom.
  5323 | D:5      | Noticed Edmund
  5325 | D:5      | Found a stormy altar of Qazlal.
  5360 | D:5      | You fall into a shaft and drop 1 floor!
  5994 | D:7      | Reached skill level 1 in Fighting
  6076 | D:7      | Noticed Maggie
  6123 | D:6      | Noticed Dowan
  6125 | D:6      | Noticed Duvessa
  6280 | D:5      | Killed Prince Ribbit
  6281 | D:5      | Reached skill level 1 in Maces & Flails
  6323 | D:5      | Found a staircase to the Ecumenical Temple.
  6338 | Temple   | Entered the Ecumenical Temple
  6478 | D:5      | Found a sparkling altar of Nemelex Xobeh.
  6484 | D:5      | Became a worshipper of Qazlal Stormbringer
  6611 | D:5      | Learned a level 2 spell: Searing Ray
  7008 | D:5      | Found a large runed translucent door.
  7008 | D:5      | Found a large runed translucent door.
  7055 | D:5      | Noticed a two-headed ogre
  7145 | D:5      | Killed a two-headed ogre
  7146 | D:5      | Reached XP level 8. HP: 42/51 MP: 11/15
  7310 | D:5      | Killed Edmund
  7473 | D:5      | Found an opulent altar of Gozag.
  7482 | D:5      | Found an ancient bone altar of Kikubaaqudgha.
  7546 | D:6      | Killed Duvessa
  7571 | D:6      | Killed Dowan
  7810 | D:6      | Found a shadowy altar of Dithmenos.
  7859 | D:6      | Learned a level 3 spell: Summon Guardian Golem
  7873 | D:6      | Gained mutation: You have very sharp fingernails. [demonic
                  | ancestry]
  7873 | D:6      | Reached XP level 9. HP: 53/55 MP: 16/16
  7884 | D:6      | Learned a level 3 spell: Mephitic Cloud
  7967 | D:6      | Noticed Sigmund
  7998 | D:6      | Killed Sigmund
  7999 | D:6      | Reached skill level 5 in Spellcasting
  8095 | D:6      | Noticed Eustachio
  8117 | D:6      | Killed Eustachio
  8300 | D:6      | Identified the +8 rapier of Viamod {vorpal, rElec}
  8744 | D:6      | Found a runed translucent door.
  8745 | D:6      | Noticed Crazy Yiuf
  8882 | D:6      | Killed Crazy Yiuf
  8926 | D:7      | Reached * piety under Qazlal
  8993 | D:7      | Reached skill level 5 in Stealth
  8995 | D:7      | Noticed Harold
  8996 | D:7      | Reached skill level 1 in Short Blades
  9003 | D:7      | Noticed Menkaure
  9004 | D:7      | Killed Harold
  9005 | D:7      | Reached skill level 5 in Dodging
  9005 | D:7      | Reached skill level 5 in Conjurations
  9005 | D:7      | Reached skill level 5 in Summonings
  9011 | D:7      | Killed Menkaure
  9049 | D:7      | Killed Maggie
  9050 | D:7      | Gained mutation: Spells you cast may paralyse adjacent
                  | enemies. [demonic ancestry]
  9050 | D:7      | Reached XP level 10. HP: 63/63 MP: 14/18
  9161 | D:7      | Got Sif Muna's Guide on Snow and Companions
  9166 | D:7      | Learned a level 3 spell: Ozocubu's Armour
  9864 | D:8      | Reached skill level 5 in Translocations
 10407 | D:9      | Reached ** piety under Qazlal
 10514 | D:9      | Found a staircase to the Lair.
 10767 | D:9      | Identified a scroll of acquirement
 10767 | D:9      | Acquired the +2 pair of boots of Ijung {rC+ Dex+3}
 11370 | D:10     | Entered Level 10 of the Dungeon
 11493 | D:10     | Noticed a cyclops
 11516 | D:10     | Killed a cyclops
 11517 | D:10     | Reached skill level 5 in Fighting
 11522 | D:10     | Noticed a centaur warrior
 11527 | D:10     | Noticed a two-headed ogre
 11530 | D:10     | Noticed a gargoyle
 11530 | D:10     | Killed a centaur warrior
 11532 | D:10     | Noticed a gargoyle
 11532 | D:10     | Noticed a manticore
 11623 | D:10     | Killed a manticore
 11624 | D:10     | Gained mutation: You may rarely emit foul miasma when
                  | damaged in melee. [demonic ancestry]
 11624 | D:10     | Reached XP level 11. HP: 55/72 MP: 20/20
 11781 | D:10     | Found a sacrificial altar of Ru.
 11819 | D:10     | Found a burning altar of Makhleb.
 11823 | D:10     | Found a snail-covered altar of Cheibriados.
 11894 | D:10     | Noticed a two-headed ogre
 11918 | D:10     | Killed a two-headed ogre
 11925 | D:10     | Killed a two-headed ogre
 12177 | D:10     | Found Imope's Magic Scroll Boutique.
 12191 | D:10     | Bought a scroll of summoning for 142 gold pieces
 12393 | D:10     | Found Bupn's Assorted Antiques.
 12398 | D:10     | Bought a scroll of summoning for 294 gold pieces
 12468 | D:10     | Found Zoigad's Magic Scroll Boutique.
 13140 | D:11     | Noticed a two-headed ogre
 13164 | D:11     | Killed a two-headed ogre
 13678 | D:12     | Noticed an eight-headed hydra
 13685 | D:12     | Killed an eight-headed hydra
 13686 | D:12     | Gained mutation: Spells you cast may paralyse nearby
                  | enemies. [demonic ancestry]
 13686 | D:12     | Reached XP level 12. HP: 66/79 MP: 21/22
 13714 | D:12     | Noticed a four-headed hydra
 13729 | D:12     | Killed a four-headed hydra
 13730 | D:12     | Reached skill level 5 in Short Blades
 13859 | D:12     | Reached *** piety under Qazlal
 13906 | D:12     | Noticed a centaur warrior
 13940 | D:12     | Killed a centaur warrior
 13972 | D:12     | Found a staircase to the Orcish Mines.
 14736 | D:12     | Identified the +6 ring mail of Okelan {Will- Int+9}
 15166 | D:12     | Learned a level 4 spell: Summon Lightning Spire
 15327 | D:13     | Noticed a two-headed ogre
 15338 | D:13     | Killed a two-headed ogre
 15883 | D:13     | Noticed a vault guard
 15890 | D:13     | Killed a vault guard
 15891 | D:13     | Gained mutation: You have claws for hands. [demonic
                  | ancestry]
 15891 | D:13     | Reached XP level 13. HP: 74/86 MP: 25/25
 16076 | D:13     | Found a gate to the Vaults.
 16871 | Orc:1    | Entered Level 1 of the Orcish Mines
 17041 | Orc:1    | Reached **** piety under Qazlal
 17270 | Orc:2    | Entered Level 2 of the Orcish Mines
 17348 | Orc:2    | Noticed an ettin
 17366 | Orc:2    | Killed an ettin
 17374 | Orc:2    | Found Cechucuy's Jewellery Boutique.
 17374 | Orc:2    | Found Mekes's Assorted Antiques.
 17374 | Orc:2    | Found Doretes's Weapon Emporium.
 17374 | Orc:2    | Found Hyaddyc's Magic Scroll Emporium.
 17899 | Orc:2    | Paralysed by something for 4 turns
 17921 | Orc:2    | Paralysed by something for 7 turns
 17952 | Orc:2    | Paralysed by an ogre mage for 4 turns
 17960 | Orc:2    | Paralysed by something for 5 turns
 17964 | Orc:2    | Killed from afar by an ogre mage

Illustrated notes

Levels and vault maps discovered:
D:1:      minmay_arrival_four_loops, layout_basic, serial_shops,
          nicolae_shop_hallway_plus
D:2:      layout_rooms, roderic_lattice_a, minmay_3d_cube
D:3:      minmay_octagon_keep, layout_basic, mainiacjoe_overflow_tiny_flanked,
          eat_drink_and_be_merry_uskayaw, serial_glass, glass_columns_a,
          glass_columns_a, minmay_strange_pillars, due_unseen_surprise,
          minmay_strange_pillars, minmay_strange_pillars,
          shapermc_ecumenical_altar_starsandcircs, minmay_ruptured
D:4:      layout_basic, uniq_blork_the_orc
D:5:      layout_loops_cross, jmf_multi_god_temple2, grunt_temple_overflow_open,
          minmay_temple_entry_tees, serial_bayou_lake_a, uniq_edmund,
          uniq_prince_ribbit1
D:6:      layout_loops_ring, nicolae_dithmenos_shadow_blocks,
          mainiacjoe_overflow_24_doors, grunt_decor_resistance,
          kennysheep_generic_room_7, uniq_crazy_yiuf_cottage, uniq_sigmund,
          uniq_duvessa, uniq_eustachio
D:7:      layout_rooms, chequers_serial_rivers_large_a, uniq_menkaure,
          uniq_harold, uniq_maggie
D:8:      layout_gridville
D:9:      layout_irregular_city, dpeg_oklobed_lair
D:10:     minmay_ornate_pinched, layout_loops_corners,
          mainiacjoe_overflow_alcove_3, serial_bayou, serial_bayou_ford_a,
          serial_bayou_pond_d, serial_bayou_pond_e, serial_bayou_pond_c,
          enter_bailey_1, serial_shops, shop, nicolae_shop_waterfront, shop
D:11:     layout_gridville
D:12:     nooodl_glass_maze, layout_basic
D:13:     layout_gridville, grunt_vaults_entry_fortified, dk_noncrumbling_3
Temple:   compressed_dpeg_triangle_lava_temple
Orc:1:    lemuel_ogre_cave, layout_diamond_mine, serial_shops,
          nicolae_shop_temple_entry_statues_fountains, mines_bat_river
Orc:2:    st_orc_open, layout_diamond_mine

Skill      XL: |  1  2  3  4  5  6  7  8  9 10 11 12 13 |
---------------+----------------------------------------+-----
Translocations | 1 2 3 4 5 6 7 8 |  8.2
Stealth        | 2 3 4 5 6 7 8 9 |  9.1
Dodging        | 2 3 4 5 6 7 8 |  8.3
Conjurations   | 2 3 4 5 6 7 8 9 |  9.1
Summonings     | 2 3 4 5 6 7 8 |  8.9
Spellcasting   | 4 5 6 7 8 |  8.7
Fighting       | 2 4 5 6 7 8 |  8.4
Maces & Flails | 2 3 |  3.0
Short Blades   | 2 3 4 6 |  6.9

Action                   |  1- 3 |  4- 6 |  7- 9 | 10-12 | 13-15 || total
-------------------------+-------+-------+-------+-------+-------++-------
Melee: Dagger            |    28 |   159 |       |       |       ||   187
       Punch             |       |     3 |     1 |     3 |     2 ||     9
       Mace              |       |       |    29 |       |       ||    29
       Flail             |       |       |    58 |       |       ||    58
       Rapier            |       |       |    51 |   292 |   108 ||   451
Throw: Throwing net      |       |     1 |       |       |       ||     1
 Cast: Magic Dart        |    49 |    80 |    27 |       |       ||   156
       Call Imp          |     7 |    23 |    24 |     6 |       ||    60
       Blink             |       |     4 |     5 |     2 |     1 ||    12
       Searing Ray       |       |       |    11 |     1 |       ||    12
       Summon Guardian G |       |       |     7 |    53 |    19 ||    79
       Mephitic Cloud    |       |       |     3 |    61 |    39 ||   103
       Ozocubu's Armour  |       |       |       |     1 |       ||     1
       Summon Lightning  |       |       |       |     3 |    15 ||    18
Invok: Upheaval          |       |       |       |     1 |       ||     1
Evoke: Wand              |     2 |    15 |    27 |    16 |    11 ||    71
  Use: Potion            |       |    14 |       |     5 |     6 ||    25
       Scroll            |       |     7 |     5 |    13 |     3 ||    28
 Stab: Sleeping          |       |     2 |     1 |       |       ||     3
       Distracted        |       |     1 |     2 |     1 |     2 ||     6
       Confused          |       |       |     1 |    16 |    10 ||    27
       Paralysed         |       |       |       |    14 |     2 ||    16
       Fleeing           |       |       |       |     1 |       ||     1
Armor: Robe              |     8 |    69 |    54 |    20 |       ||   151
       Troll leather arm |       |       |       |    55 |    26 ||    81
Dodge: Dodged            |    24 |   136 |   182 |   289 |   157 ||   788
Block: Other             |       |       |     1 |    52 |    35 ||    88
